 Dungeon Crawl Stone Soup version 0.31-a0-728-g01b46875f1 (webtiles) character file.

Game seed: 11387138258724582990

231 Dittersdorf the Covered (level 6, -3/39 HPs)
             Began as a Gargoyle Fighter on Sept 11, 2023.
             Slain by Robin
             ... wielding a +2 whip of electrocution
              (4 damage)
             ... on level 4 of the Dungeon.
             The game lasted 00:04:23 (2710 turns).

Dittersdorf the Covered (Gargoyle Fighter)          Turns: 2710, Time: 00:04:24

Health: -3/39      AC: 14    Str: 22    XL:     6   Next: 4%
Magic:  6/6        EV:  8    Int:  8    God:
Gold:   141        SH:  5    Dex:  9    Spells: 5/5 levels left

rFire   . . .        a - +0 flail
rCold   . . .        c - +1 buckler
rNeg    + . .        i - +0 chain mail
rPois   ∞            (no helmet)
rElec   +            (no cloak)
rCorr   .            (no gloves)
SInv    .            (no boots)
Will    .....        (no amulet) Stlth
                     (no ring)
HPRegen 0.26/turn    (no ring)
MPRegen 0.10/turn

%: no passive effects
@: no status effects
A: sickness immunity, AC +4, negative energy resistance 1, electricity
resistance, torment resistance 1, petrification resistance
a: no special abilities


You were on level 4 of the Dungeon.
You visited 1 branch of the dungeon, and saw 4 of its levels.

You collected 141 gold pieces.

Inventory:

Hand Weapons
 a - a +0 flail (weapon)
Armour
 c - a +1 buckler (worn)
 i - a +0 chain mail (worn)
Wands
 s - a wand of paralysis (6)
Scrolls
 t - a scroll of teleportation
Potions
 b - a potion of mutation {unknown}
 d - a potion of might
 g - 2 potions of lignification {unknown}
 h - 4 potions of invisibility {unknown}
 l - 2 potions of heal wounds {unknown}
 o - a potion of attraction {unknown}
 p - a potion of magic
 q - 2 potions of curing {unknown}
 r - a potion of enlightenment


   Skills:
 + Level 4.5 Fighting
 + Level 3.4 Maces & Flails
 + Level 4.6 Armour
 + Level 4.5 Shields


You had 5 spell levels left.
You didn't know any spells.
Your spell library was empty.

Dungeon Overview and Level Annotations

Branches:
Dungeon (4/15)
 Temple: D:4-7

Altars:
Zin

Annotations:
D:4 Robin


Innate Abilities, Weirdness & Mutations

You are immune to sickness and miasma.
Your stone body is resilient. (AC +4)
You are immune to poison.
You resist negative energy. (rN+)
You are resistant to electric shocks. (rElec)
You are resistant to unholy torment.
You are immune to petrification.


Message History

You miss the goblin.
The goblin is heavily wounded.
You block the goblin's attack. The hobgoblin barely misses you.
The goblin hits you but does no damage. The goblin hits you with a +0 dagger.
Robin barely misses you. The goblin hits you but does no damage.
You closely miss the goblin.
The goblin is heavily wounded.
The hobgoblin hits you.
* * * LOW HITPOINT WARNING * * *
The goblin hits you with a +0 club.
* * * LOW HITPOINT WARNING * * *
You block the goblin's attack. Robin hits you but does no damage.
The goblin hits you with a +0 dagger.
* * * LOW HITPOINT WARNING * * *
You block the hobgoblin's attack.
You hit the goblin.
You kill the goblin!
The goblin no longer looks unusually strong. x2
The goblin hits you but does no damage. Robin closely misses you.
The goblin hits you but does no damage.
The hobgoblin hits you but does no damage.
You block the goblin's attack. The goblin hits you with a +0 dagger.
* * * LOW HITPOINT WARNING * * *
You hit the goblin.
The goblin is moderately wounded.
The hobgoblin no longer looks unusually strong.
Robin roars a battlecry!
The goblins go into a battle-frenzy!
The goblin hits you with a +0 dagger.
* * * LOW HITPOINT WARNING * * *
The hobgoblin hits you but does no damage.
The goblin barely misses you. The goblin hits you but does no damage.
The goblin barely misses you.
You sock the goblin!
You kill the goblin!
The hobgoblin hits you but does no damage.
The goblin barely misses you.
Robin hits you with a +2 whip of electrocution.
You die...
Robin says, "And that's why I'm the boss."

###...g#....... .....§#§#
#..........# .....§§§#
.........#>.### ..:..§§§§
#...........g..# #....§§§§
#.....)...##...## ##........
#.........####).#.###....#..
#.........####.....##.......
.........gg#g........###...
........g@gg........ #..
##..#.)######.#### #.. ...
#.. ... ##. .... .. ##. ..
..


You could see Robin, a hobgoblin (strong) and 4 goblins.

Vanquished Creatures
  Sigmund (D:4)
  An adder (D:4)
  7 orcs (D:3)
  4 endoplasms (D:2)
  2 giant cockroaches
  10 goblins
  8 hobgoblins
  3 quokkas (D:3)
  3 ball pythons
  5 bats
  4 frilled lizards
  2 kobolds
  9 rats
59 creatures vanquished.

Notes
Turn   | Place    | Note
-------+----------+-------------------------------------------
     0 | D:1      | Dittersdorf the Gargoyle Fighter began the quest for the
                  | Orb.
     0 | D:1      | Reached XP level 1. HP: 14/14 MP: 1/1
   260 | D:1      | Reached XP level 2. HP: 19/19 MP: 2/2
   907 | D:2      | Found a faded altar of an unknown god.
  1074 | D:2      | Reached XP level 3. HP: 24/24 MP: 3/3
  2351 | D:3      | Reached XP level 4. HP: 29/29 MP: 4/4
  2594 | D:3      | Found a glowing silver altar of Zin.
  2658 | D:4      | Noticed Sigmund
  2665 | D:4      | Killed Sigmund
  2666 | D:4      | Reached XP level 5. HP: 33/34 MP: 5/5
  2666 | D:4      | Reached XP level 6. HP: 38/39 MP: 6/6
  2671 | D:4      | Noticed Robin
  2709 | D:4      | HP: 1/39 [goblin/+0 dagger[Robin] (3)]
  2710 | D:4      | Slain by Robin

Illustrated notes

Levels and vault maps discovered:
D:1:      dpeg_arrival_arbitrary_b, layout_basic, minmay_misc_feat_diagonals
D:2:      layout_basic, hellmonk_ecumenical_altar_heavens_door
D:3:      layout_loops_ring, zin_scriptorium
D:4:      layout_cave_pools, enter_ossuary_4, serial_bayou_pond_d,
          reono_crystal_passage, amcnicky_mini_rare_corridor_liquid,
          minivault_4, patterned_corridor, uniq_sigmund, uniq_ijyb, uniq_robin

Skill      XL: |  1  2  3  4 |
---------------+-------------+-----
Fighting       | 4 |  4.5
Maces & Flails | 3 |  3.4
Armour         | 4 |  4.6
Shields        | 4 |  4.5

Action                     |  1- 3 |  4- 6 || total
---------------------------+-------+-------++-------
  Melee: Flail             |   142 |    46 ||   188
  Evoke: Wand              |       |     1 ||     1
    Use: Scroll            |       |    10 ||    10
   Stab: Paralysed         |       |     5 ||     5
 Armour: Scale mail        |    22 |       ||    22
         Chain mail        |   104 |    76 ||   180
  Dodge: Dodged            |    50 |    31 ||    81
  Block: Buckler           |    29 |    24 ||    53

Table legend: (Time is in decaauts)
 A = Elapsed time spent in this place.
 B = Non-inter-level travel time spent in this place.
 C = Inter-level travel time spent in this place.
 D = Time resting spent in this place.
 E = Time spent auto-exploring this place.
 F = Levels seen in this place.
 G = Mean time per level.
                   A        B        C        D        E       F      G
               +--------+--------+--------+--------+--------+-----+--------+
         Total |   2766 |   2679 |     87 |     51 |   2164 |   4 |  691.5 |
       Dungeon |   2766 |   2679 |     87 |     51 |   2164 |   4 |  691.5 |
               +--------+--------+--------+--------+--------+-----+--------+

Top non-repeatable levels by time:
     D:2: 918 daAuts
     D:1: 911 daAuts
     D:3: 847 daAuts
     D:4: 89 daAuts
